 Dungeon Crawl Stone Soup version 0.21.1-1-g345015f (webtiles) character file.

727 Hebeh the Chopper (level 7, -11/64 HPs)
             Began as a Deep Dwarf Fighter on June 17, 2018.
             Mangled by an ogre
             ... wielding a +0 giant spiked club
              (18 damage)
             ... on level 5 of the Dungeon.
             The game lasted 00:11:39 (2894 turns).

Hebeh the Chopper (Deep Dwarf Fighter)              Turns: 2894, Time: 00:11:40

Health: -11/64     AC:  7    Str: 22    XL:     7   Next: 44%
Magic:  6/6        EV:  7    Int:  8    God:
Gold:   288        SH: 11    Dex: 12    Spells: 6/6 levels left

rFire    . . .     SeeInvis .   a - +1 war axe
rCold    . . .     Gourm    .   c - +1 shield
rNeg     . . .     Faith    .   b - +0 scale mail
rPois    .         Spirit   .   (no helmet)
rElec    .         Reflect  .   (no cloak)
rCorr    .         Harm     .   (no gloves)
MR       +....                  (no boots)
Stlth    ..........             (no amulet)
HPRegen  0.00/turn              (no ring)
MPRegen  0.10/turn              (no ring)

@: non-regenerating
A: damage resistance, heal wounds, sense surroundings 1, no regeneration
a: Heal Wounds


You were on level 5 of the Dungeon.
You were very hungry.

You visited 1 branch of the dungeon, and saw 5 of its levels.

You collected 288 gold pieces.

Inventory:

Hand Weapons
 a - a +1 war axe (weapon)
 h - a +4 short sword
Armour
 b - a +0 scale mail (worn)
 c - a +1 shield (worn)
Jewellery
 r - a +2 ring of protection {unknown}
 z - an uncursed ring of protection from cold {unknown}
Wands
 w - a wand of scattershot (6)
Scrolls
 e - 2 scrolls of teleportation
 i - 3 scrolls of identify
 k - a scroll of fear {unknown}
 n - 5 scrolls of remove curse
 t - 2 scrolls of enchant armour
 v - 4 scrolls of amnesia {unknown}
 x - a scroll of immolation {unknown}
 y - a scroll of noise {unknown}
Potions
 d - a potion of might
 g - 2 potions of degeneration {unknown}
 l - a potion of invisibility
 m - a potion of ambrosia {unknown}
 o - 2 potions of lignification {unknown}
 p - a potion of heal wounds {unknown}
 q - 5 potions of brilliance {unknown}
 s - 3 potions of curing
 u - a potion of agility {unknown}
Books
 j - a book of Minor Magic

   Spells                             Type                      Level
   a - Magic Dart                     Conjuration                  1
   b - Blink                          Translocation                2
   c - Call Imp                       Summoning                    2
   d - Slow                           Hexes                        2
   e - Conjure Flame                  Conjuration/Fire             3
   f - Mephitic Cloud                 Conjuration/Poison/Air       3
Comestibles
 f - 9 rations


   Skills:
 + Level 4.2 Fighting
 * Level 6.1 Axes
 + Level 5.1 Armour
 + Level 5.1 Shields


You had 6 spell levels left.
You didn't know any spells.

Dungeon Overview and Level Annotations

Branches:
Dungeon (5/15)
 Temple: D:4-7

Altars:
Fedhas
Kikubaaqudgha
Nemelex Xobeh
Qazlal
Xom
Zin


Innate Abilities, Weirdness & Mutations

You are resistant to damage.
You can heal yourself by infusing magical energy.
You passively map a small area around you.
You do not regenerate.


Message History

You see here a scale mail.
You are feeling very hungry.
You see here a scale mail.
An ogre comes into view. It is wielding a giant spiked club.
The ogre shouts!
The ogre hits you with a giant spiked club!!
You are too injured to fight recklessly!
You are too injured to fight recklessly!
You are too injured to fight recklessly!
You barely miss the ogre. You hit the ogre.
The ogre is lightly wounded.
You block the ogre's attack.
You slash the ogre!
The ogre is heavily wounded.
The ogre hits you with a giant spiked club!!
* * * LOW HITPOINT WARNING * * *
You fail to use your ability.
The ogre hits you with a giant spiked club!!
You die...

#........................
, *
#########################
, , , ############# * ,
#...........) , ,
#.###....#### , #.#
#....# , . , #.# #....# ,
....########.# #....# ,
*#.....O@.....# #....#
################....# *
#................#
#.##########.....#### , ,
#.# #........# * #.#
#######........# , , ,
#.# #.....#........# , ,
, #.# #.....#......... *
* #.# ##.....##########


You could see an ogre.

Vanquished Creatures
  A black bear (D:4)
  Blork the orc (D:5)
  A vampire bat (D:2)
  2 crimson imps
  A centaur skeleton (D:4)
  A hound (D:4)
  Jessica (D:3)
  3 worker ants (D:4)
  An iguana (D:4)
  An orc wizard (D:3)
  A mummy (D:4)
  4 gnolls (D:2)
  8 adders
  An adder skeleton (D:4)
  4 worms
  2 dart slugs
  3 leopard geckos
  9 orcs
  4 bats
  2 bat skeletons (D:2)
  4 bat zombies (D:2)
  7 giant cockroaches
  10 goblins
  11 hobgoblins
  7 jackals
  8 kobolds
  2 quokkas (D:3)
  2 ball pythons (D:1)
  7 frilled lizards
  A kobold zombie (D:4)
  An orc zombie (D:4)
  6 rats
117 creatures vanquished.

Notes
Turn   | Place    | Note
-------+----------+-------------------------------------------
     0 | D:1      | Hebeh the Deep Dwarf Fighter began the quest for the Orb.
     0 | D:1      | Reached XP level 1. HP: 20/20 MP: 1/1
    88 | D:1      | Reached XP level 2. HP: 27/27 MP: 2/2
   379 | D:1      | Reached skill level 3 in Axes
   410 | D:1      | Reached XP level 3. HP: 29/33 MP: 3/3
   664 | D:2      | Reached XP level 4. HP: 32/42 MP: 4/4
  1004 | D:2      | Found a shimmering altar of Xom.
  1010 | D:2      | Reached skill level 4 in Axes
  1017 | D:2      | Reached XP level 5. HP: 36/49 MP: 5/5
  1098 | D:2      | Found an ancient bone altar of Kikubaaqudgha.
  1242 | D:3      | Noticed Jessica
  1250 | D:3      | Killed Jessica
  1307 | D:3      | Found a glowing silver altar of Zin.
  1368 | D:3      | Reached XP level 6. HP: 29/56 MP: 6/6
  1684 | D:3      | Found a blossoming altar of Fedhas.
  1728 | D:3      | Found a stormy altar of Qazlal.
  1896 | D:4      | Reached skill level 5 in Axes
  2025 | D:4      | Found a sand-covered staircase.
  2123 | D:4      | Found a sparkling altar of Nemelex Xobeh.
  2145 | D:4      | Reached XP level 7. HP: 50/64 MP: 6/6
  2302 | D:4      | Reached skill level 5 in Shields
  2362 | D:4      | Reached skill level 5 in Armour
  2556 | D:5      | Entered Level 5 of the Dungeon
  2786 | D:5      | Noticed Blork the orc
  2796 | D:5      | Killed Blork the orc
  2796 | D:5      | Reached skill level 6 in Axes
  2894 | D:5      | Mangled by an ogre

Skill      XL: |  1  2  3  4  5  6  7 |
---------------+----------------------+-----
Axes           | 3 4 5 6 |  6.1
Fighting       | 3 4 |  4.2
Shields        | 4 5 |  5.1
Armour         | 4 5 |  5.1

Action                   |  1- 3 |  4- 6 |  7- 9 || total
-------------------------+-------+-------+-------++-------
Melee: War axe           |    96 |   211 |    30 ||   337
 Abil: Heal Wounds       |       |     2 |       ||     2
  Use: Scroll            |     6 |       |       ||     6
  Eat: Chunk             |       |     5 |     1 ||     6
Armor: Scale mail        |    49 |   116 |     7 ||   172
Dodge: Dodged            |    32 |    87 |     6 ||   125
Block: Shield            |    73 |   127 |    10 ||   210
